 Dungeon Crawl Stone Soup version 0.31-a0-925-g0a390f2509 (webtiles) character file.

Game seed: 14661522308411855683

463 javelincjr the Ducker (level 6, 0/48 HPs)
             Began as a Demonspawn Gladiator on Oct 18, 2023.
             Slain by an orc
             ... wielding a +2 hand axe of distortion
              (13 damage)
             ... on level 7 of the Dungeon.
             The game lasted 00:08:22 (2283 turns).

javelincjr the Ducker (Demonspawn Gladiator)        Turns: 2283, Time: 00:08:23

Health: 0/48       AC:  5    Str: 16    XL:     6   Next: 79%
Magic:  6/6        EV: 12    Int: 12    God:
Gold:   134        SH:  0    Dex: 15    Spells: 5/5 levels left

rFire   . . .        s - +6 spear of Crawling {spect, Int+3}
rCold   . . .        (no shield)
rNeg    . . .        l - +0 ring mail
rPois   .            (helmet restricted)
rElec   .            (no cloak)
rCorr   .            (no gloves)
SInv    +            (no boots)
Will    .....        p - amulet of the acrobat Stlth
                     j - ring of see invisible
HPRegen 0.28/turn    (no ring)
MPRegen 0.10/turn

%: acrobat
@: confused, weak-willed, ambrosia-drunk
A: horns 1, foul stench 2
a: no special abilities


You were on level 7 of the Dungeon.
You visited 1 branch of the dungeon, and saw 5 of its levels.

You collected 134 gold pieces.

Inventory:

Hand Weapons
 a - a +0 trident
 s - the +6 spear of Crawling (weapon) {spect, Int+3}
   (You found it on level 2 of the Dungeon)

   Int+3:     It affects your intelligence (+3).
Missiles
 e - a javelin
 w - 2 throwing nets (quivered)
Armour
 b - a +0 leather armour
 c - a +0 helmet
 l - a +0 ring mail (worn)
 r - a +0 chain mail
Jewellery
 j - a ring of see invisible (left hand)
 p - an amulet of the acrobat (around neck)
 t - a ring of protection from cold
Wands
 d - a wand of charming (4)
Scrolls
 k - 2 scrolls of identify
 n - a scroll of revelation
 v - a scroll of torment {unknown}
Potions
 f - a potion of haste {unknown}
 m - a potion of curing {unknown}
 o - a potion of ambrosia
 q - a potion of degeneration {unknown}
 u - a potion of cancellation {unknown}
 x - a potion of might {unknown}
 z - a potion of enlightenment {unknown}


   Skills:
 + Level 4.1 Fighting
 + Level 4.2 Polearms
 - Level 2.2 Throwing
 + Level 2.5 Armour
 + Level 4.2 Dodging


You had 5 spell levels left.
You didn't know any spells.
Your spell library contained the following spells:

 Spells                   Type           Power      Damage    Failure   Level
 Slow                     Hex            0%         N/A       52%         1
 Confusing Touch          Hex            0%         N/A       88%         3
 Sigil of Binding         Hex            0%         N/A       88%         3
 Vampiric Draining        Necr           0%         2d6       88%         3


Dungeon Overview and Level Annotations

Branches:
Dungeon (4/15)             Temple (0/1) D:7

Altars:
Nemelex Xobeh
Vehumet

Shops:
D:2 =


Innate Abilities, Weirdness & Mutations

You have a pair of small horns on your head.
You sometimes emit foul miasma when damaged in melee.


Message History

The orc wizard is moderately wounded.
Your +6 spear of Crawling {spect, Int+3} hits the orc wizard.
The orc is engulfed in dark miasma.
The orc is poisoned.
The orc seems to slow down.
The orc hits you but does no damage. The orc barely misses you.
The orc wizard barely misses you.
The orc wizard mumbles some strange words.
The orc wizard flickers and vanishes for a moment.
You bump into the rock wall.
Your +6 spear of Crawling {spect, Int+3} disappears.
The orc is no longer moving slowly.
The orc closely misses you. The orc wizard casts a spell at you.
The magic dart hits you!
The orc is engulfed in dark miasma.
The orc looks even sicker.
You kill the orc!
You miss the orc wizard. Your headbutt misses the orc wizard.
The orc wizard is severely wounded.
Your +6 spear of Crawling {spect, Int+3} hits the orc wizard!
You kill the orc wizard!
The orc hits you with a +2 hand axe of distortion.
Space warps around you.
The orc closely misses your +6 spear of Crawling {spect, Int+3}.
The orc hits your +6 spear of Crawling {spect, Int+3} but does no damage.
The orc barely misses you.
You closely miss the orc.
Your +6 spear of Crawling {spect, Int+3} barely misses the orc.
The orc hits you with a +0 dagger.
The orc hits you with a +2 hand axe of distortion.
Space warps horribly around you!!
* * * LOW HITPOINT WARNING * * *
The orc misses your +6 spear of Crawling {spect, Int+3}.
The orc barely misses you.
The orc closely misses your +6 spear of Crawling {spect, Int+3}.
It was a potion of ambrosia.
You are more confused.
You feel invigorated.
Your +6 spear of Crawling {spect, Int+3} disappears.
The orc hits you with a +2 hand axe of distortion.
* * * LOW HITPOINT WARNING * * *
Space warps horribly around you!
You die...

*,,,,,,****,,,,,**
#######......Y.,*,,,,,*
#######........,*,,,,,*
###########....,*,,,,,*
###########....,*,,,,,*
###########....,*,,,,,**
###########....,,,,,,,,,
############...,,,,,,,,,
#####o°@oo.....,,,,,,,,,
#####.ooo.....#,,,,***,,
#####..o......#,,,,* *,,
#####.........#,,,,* *,,
#####.........#,,,,* *,,
#####...$.....#,,,,* *,,
#####.........#,,,,* *,,
###############,,,,* *,,
*,,,,* *,,


You could see an orc wizard (invisible) and 6 orcs.

Vanquished Creatures
  Sigmund (D:3)
  A jelly (D:4)
  Jessica (D:3)
  Ijyb (D:3)
  Natasha (thrice) (D:3)
  Terence (D:2)
  An orc wizard (D:7)
  3 adders
  A worm (D:2)
  4 dart slugs
  5 orcs
  4 ball pythons
  3 endoplasms
  5 giant cockroaches
  6 goblins
  10 hobgoblins
  5 kobolds
  A quokka (D:2)
  7 bats
  5 frilled lizards
  3 rats
71 creatures vanquished.

Notes
Turn   | Place    | Note
-------+----------+-------------------------------------------
     0 | D:1      | javelincjr the Demonspawn Gladiator began the quest for the
                  | Orb.
     0 | D:1      | Reached XP level 1. HP: 16/16 MP: 1/1
   158 | D:1      | Gained mutation: You may rarely emit foul miasma when
                  | damaged in melee. [demonic ancestry]
   158 | D:1      | Reached XP level 2. HP: 21/22 MP: 2/2
   629 | D:1      | Gained mutation: You have a pair of small horns on your
                  | head. [demonic ancestry]
   629 | D:1      | Reached XP level 3. HP: 28/28 MP: 3/3
  1074 | D:2      | Found Voqugo Paudi's Jewellery Emporium.
  1094 | D:2      | Noticed Terence
  1115 | D:2      | Killed Terence
  1116 | D:2      | Reached XP level 4. HP: 19/34 MP: 4/4
  1301 | D:2      | Reached skill level 1 in Armour
  1478 | D:2      | Identified the +6 spear of Crawling {spect, Int+3}
  1866 | D:3      | Noticed Natasha
  1871 | D:3      | Killed Natasha
  1937 | D:3      | Found a faded altar of an unknown god.
  1978 | D:3      | Noticed Ijyb
  1986 | D:3      | Killed Ijyb
  1987 | D:3      | Reached XP level 5. HP: 39/41 MP: 5/5
  2017 | D:3      | Noticed Jessica
  2027 | D:3      | Noticed Natasha
  2032 | D:3      | Killed Jessica
  2033 | D:3      | Killed Natasha
  2093 | D:3      | Noticed Natasha
  2098 | D:3      | Killed Natasha
  2180 | D:3      | Noticed Sigmund
  2187 | D:3      | Killed Sigmund
  2188 | D:3      | Gained mutation: You sometimes emit foul miasma when
                  | damaged in melee. [demonic ancestry]
  2188 | D:3      | Reached XP level 6. HP: 48/48 MP: 6/6
  2190 | D:3      | Found a radiant altar of Vehumet.
  2198 | D:3      | Found a sparkling altar of Nemelex Xobeh.
  2270 | D:4      | You fall into a shaft and drop 3 floors!
  2276 | D:7      | Noticed an ice beast
  2283 | D:7      | Slain by an orc

Illustrated notes

Levels and vault maps discovered:
D:1:      tekkud_arrival_beachfront_property, layout_basic
D:2:      layout_basic, serial_shops, nicolae_shop_advertising_works
          [nicolae_subvault_shop_adworks], uniq_terence
D:3:      layout_basic, amethyst_overflow_temple_binary,
          chequers_ecumenical_altar_twisty, solitary_fountain, uniq_jessica,
          uniq_ijyb, uniq_sigmund, uniq_natasha
D:4:      layout_rooms, mainiacjoe_overflow_brackets, serial_forest,
          infiniplex_forest_clump_curved, infiniplex_forest_corner_1,
          infiniplex_forest_corner_2, infiniplex_forest_clump_curved
D:7:      kennysheep_slugbush, layout_basic, minmay_temple_entry_butterflies,
          enter_ossuary_5, uniq_prince_ribbit1

Skill      XL: |  1  2  3  4  5  6 |
---------------+-------------------+-----
Throwing       | 2 |  2.2
Polearms       | 3 4 |  4.2
Dodging        | 3 4 |  4.2
Armour         | 1 2 |  2.5
Fighting       | 3 4 |  4.1

Action                     |  1- 3 |  4- 6 || total
---------------------------+-------+-------++-------
  Melee: Trident           |   106 |    12 ||   118
         Punch             |     1 |       ||     1
         Headbutt          |     5 |     4 ||     9
         Spear             |       |    59 ||    59
  Throw: Throwing net      |       |     4 ||     4
    Use: Scroll            |       |     5 ||     5
         Potion            |       |     1 ||     1
   Stab: Sleeping          |     1 |       ||     1
         Distracted        |       |     1 ||     1
         Held in net/web   |       |     1 ||     1
 Armour: Leather armour    |    40 |       ||    40
         Ring mail         |       |    23 ||    23
  Dodge: Dodged            |    53 |    20 ||    73

Table legend: (Time is in decaauts)
 A = Elapsed time spent in this place.
 B = Non-inter-level travel time spent in this place.
 C = Inter-level travel time spent in this place.
 D = Time resting spent in this place.
 E = Time spent auto-exploring this place.
 F = Levels seen in this place.
 G = Mean time per level.
                   A        B        C        D        E       F      G
               +--------+--------+--------+--------+--------+-----+--------+
         Total |   2307 |   2221 |     86 |      0 |   1767 |   5 |  461.4 |
       Dungeon |   2307 |   2221 |     86 |      0 |   1767 |   5 |  461.4 |
               +--------+--------+--------+--------+--------+-----+--------+

Top non-repeatable levels by time:
     D:2: 963 daAuts
     D:1: 829 daAuts
     D:3: 454 daAuts
     D:4: 48 daAuts
     D:7: 12 daAuts
